 Dungeon Crawl Stone Soup version 0.31-a0-165-g3f4f80340b (webtiles) character file.

Game seed: 6701864668174497932

75 qw the Shooter (level 4, -7/39 HPs)
             Began as a Naga Hunter on June 13, 2023.
             Mangled by a gnoll
             ... wielding a +2 heavy flail
              (13 damage)
             ... on level 2 of the Dungeon.
             The game lasted 00:00:27 (1295 turns).

qw the Shooter (Naga Hunter)                        Turns: 1295, Time: 00:00:28

Health: -7/39      AC:  2    Str: 13    XL:     4   Next: 31%
Magic:  4/4        EV:  9    Int:  9    God:
Gold:   105        SH:  0    Dex: 17    Spells: 3/3 levels left

rFire   . . .        Y - +0 shortbow
rCold   . . .        (shield currently unavailable)
rNeg    . . .        c - +0 leather armour
rPois   +            (no helmet)
rElec   .            (no cloak)
rCorr   .            (no gloves)
SInv    +            (no barding)
Will    .....        (no amulet)
Stlth   ++           (no ring)
HPRegen 0.26/turn    (no ring)
MPRegen 0.09/turn

%: no passive effects
@: short of breath, very slow
A: AC +1, large, see invisible, deformed body, poison resistance, slowness 2,
spit poison 1, naga tail 1
a: Spit Poison


You were on level 2 of the Dungeon.
You visited 1 branch of the dungeon, and saw 2 of its levels.

You collected 133 gold pieces.
You spent 28 gold pieces at shops.


Innate Abilities, Weirdness & Mutations

Your serpentine skin is tough. (AC +1)
You have supernaturally acute eyesight. (SInv)
Armour fits poorly on your strangely shaped body.
Your system is resistant to poisons. (rPois)
You cover ground very slowly.
You can spit poison.
You have a snake-like lower body.


   Skills:
 + Level 2.2 Fighting
 - Level 5.1 Ranged Weapons
 - Level 1.5 Dodging
 - Level 1.5 Stealth


You had 3 spell levels left.
You didn't know any spells.
Your spell library was empty.

Inventory:

Hand Weapons
 Y - a +0 shortbow (weapon)
Armour
 c - a +0 leather armour (worn)
 d - the +4 ring mail of Sloth {Int-5 Dex+6}
   (You found it on level 2 of the Dungeon)

   Int:       It affects your intelligence (-5).
   Dex:       It affects your dexterity (+6).
Scrolls
 b - a scroll of fear {unknown}
 e - a scroll of poison {unknown}
 g - a scroll of identify
Potions
 a - a potion of cancellation {unknown}
 h - a potion of invisibility {unknown}
 i - a potion of degeneration {unknown}
 j - a potion of might {unknown}
 k - 3 potions of curing {unknown}

Dungeon Overview and Level Annotations

Branches:
Dungeon (2/15)

Altars:

Shops:
D:1 *


Message History

Enter note:
Enter note:
Enter note:
Enter note:
Enter note:
Enter note:
1288 ||| INVOKING Spit Poison.
Aiming: Spit Poison (2% risk of failure)
Press: ? - help, Shift-Dir - straight line, f - gnoll The splash of poison hits the gnoll.
The gnoll is poisoned.
The gnoll is lightly wounded.
You shoot an arrow. The arrow hits the gnoll.
The gnoll is heavily wounded.
The gnoll barely misses you.
You shoot an arrow. The arrow hits the gnoll!
You kill the gnoll!
Your Ranged Weapons skill increases to level 5!
You have reached level 4!
You feel agile.
You shoot an arrow.
The arrow hits the gnoll but does no damage.
The gnoll hits you with a +2 heavy flail.
You shoot an arrow. The arrow barely misses the gnoll.
You have got your breath back.
The gnoll hits you with a +0 whip.
The gnoll hits you with a +2 heavy flail.
The gnoll barely misses you.
1293 ||| INVOKING Spit Poison.
Aiming: Spit Poison (1% risk of failure)
Press: ? - help, Shift-Dir - straight line, f/p - gnoll The splash of poison hits the gnoll!
The gnoll is almost dead.
The gnoll hits you with a +2 heavy flail!!
Ouch! That really hurt!
The gnoll hits you with a +0 whip.
You shoot an arrow. The arrow hits the gnoll.
You kill the gnoll!
You shoot an arrow. The arrow hits the gnoll!
The gnoll is heavily wounded.
The gnoll hits you with a +2 heavy flail!
You die...

########
.......################
................@)...>#
.......##########g..###
.......# ..## .......#
..# .......# ..#
.......# ..# .......#
..# ..(....# ..#
.......#


You could see a gnoll.

Vanquished Creatures
  2 gnolls (D:2)
  An adder (D:2)
  2 dart slugs
  2 ball pythons (D:2)
  A bat (D:1)
  3 endoplasms
  5 giant cockroaches
  6 goblins
  4 hobgoblins
  3 jackals (D:2)
  A kobold (D:1)
  A quokka (D:1)
  2 frilled lizards
  3 rats (D:1)
36 creatures vanquished.

Notes
Turn   | Place    | Note
-------+----------+-------------------------------------------
     0 | D:1      | qw the Naga Hunter began the quest for the Orb.
     0 | D:1      | Reached XP level 1. HP: 19/19 MP: 1/1
     0 | D:1      | 0 ||| qw: Version: 0.2-a-29-gc1b59c4
     0 | D:1      | 0 ||| qw: Game counter: 4772
     0 | D:1      | 0 ||| qw: Always use a shield: true
     0 | D:1      | 0 ||| qw: God list: Okawaru
     0 | D:1      | 0 ||| qw: Allow faded altars: false
     0 | D:1      | 0 ||| qw: Do Orc after D:15 true
     0 | D:1      | 0 ||| qw: Do second Lair branch before Depths: true
     0 | D:1      | 0 ||| qw: Lair rune preference: random
     0 | D:1      | 0 ||| qw: Plans: Normal
     0 | D:1      | 0 ||| PLANNING D:1-11
    22 | D:1      | 22 ||| INVOKING Spit Poison.
   237 | D:1      | Found Isheenwo's Assorted Antiques.
   239 | D:1      | 239 ||| INVOKING Spit Poison.
   246 | D:1      | 246 ||| SHOPLISTING glittering jade ring (140 gold, have
                  | 33).
   246 | D:1      | 246 ||| BUYING scroll labelled FOSEIDACAH (28 gold).
   246 | D:1      | Bought a scroll labelled FOSEIDACAH for 28 gold pieces
   246 | D:1      | 246 ||| SHOPLISTING scroll labelled KOTISE HAOSEYM (28
                  | gold, have 5).
   246 | D:1      | 246 ||| SHOPLISTING scroll labelled MOUQAO OCE YQU (28
                  | gold, have 5).
   246 | D:1      | 246 ||| SHOPLISTING tourmaline ring (140 gold, have 5).
   263 | D:1      | 263 ||| INVOKING Spit Poison.
   268 | D:1      | Reached skill level 4 in Ranged Weapons
   268 | D:1      | Reached XP level 2. HP: 25/26 MP: 2/2
   357 | D:1      | 357 ||| INVOKING Spit Poison.
   371 | D:1      | 371 ||| INVOKING Spit Poison.
   381 | D:1      | 381 ||| INVOKING Spit Poison.
   408 | D:1      | 408 ||| INVOKING Spit Poison.
   413 | D:1      | 413 ||| INVOKING Spit Poison.
   470 | D:1      | 470 ||| INVOKING Spit Poison.
   486 | D:1      | 486 ||| INVOKING Spit Poison.
   710 | D:1      | 710 ||| READING scroll labelled ZIRENW EPPYM.
   711 | D:1      | 711 ||| READING 3 scrolls labelled OHUSUAQAEPT.
   712 | D:1      | 712 ||| READING scroll labelled PALEUXZ OSEOT.
   716 | D:1      | 716 ||| READING 2 scrolls labelled FOSEIDACAH.
   717 | D:1      | 717 ||| READING scroll labelled CAXKIMAKHA.
   818 | D:1      | 818 ||| DROPPING scroll of butterflies.
   819 | D:1      | 819 ||| DROPPING 2 scrolls of revelation.
   975 | D:2      | 975 ||| INVOKING Spit Poison.
   977 | D:2      | Reached XP level 3. HP: 32/32 MP: 3/3
   990 | D:2      | 990 ||| INVOKING Spit Poison.
   993 | D:2      | 993 ||| INVOKING Spit Poison.
   997 | D:2      | 997 ||| INVOKING Spit Poison.
  1001 | D:2      | 1001 ||| INVOKING Spit Poison.
  1109 | D:2      | Identified the +4 ring mail of Sloth {Int-5 Dex+6}
  1112 | D:2      | 1112 ||| INVOKING Spit Poison.
  1116 | D:2      | 1116 ||| INVOKING Spit Poison.
  1147 | D:2      | 1147 ||| INVOKING Spit Poison.
  1152 | D:2      | 1152 ||| INVOKING Spit Poison.
  1157 | D:2      | 1157 ||| INVOKING Spit Poison.
  1176 | D:2      | 1176 ||| INVOKING Spit Poison.
  1210 | D:2      | 1210 ||| INVOKING Spit Poison.
  1288 | D:2      | 1288 ||| INVOKING Spit Poison.
  1291 | D:2      | Reached skill level 5 in Ranged Weapons
  1291 | D:2      | Reached XP level 4. HP: 39/39 MP: 4/4
  1293 | D:2      | 1293 ||| INVOKING Spit Poison.
  1293 | D:2      | HP: 8/39 [gnoll/+2 heavy flail (21)]
  1295 | D:2      | Mangled by a gnoll

Levels and vault maps discovered:
D:1:      sevenhm_arrival_forest_fort_small_1, layout_basic, serial_shops,
          nicolae_shop_advertising_works [nicolae_subvault_shop_adworks],
          hangedman_decor_peaks_small, hex_large
D:2:      layout_basic

Skill      XL: |  1  2  3 |
---------------+----------+-----
Ranged Weapons | 4 5 |  5.1
Fighting       | |  2.2
Dodging        | |  1.5
Stealth        | |  1.5

Action                     |  1- 3 |  4- 6 || total
---------------------------+-------+-------++-------
   Fire: Shortbow          |    64 |     4 ||    68
Ability: Spit Poison       |    23 |     1 ||    24
    Use: Scroll            |     5 |       ||     5
 Armour: Leather armour    |     8 |       ||     8
  Dodge: Dodged            |    17 |     1 ||    18

Table legend:
 A = Non-vault XP
 B = Vault XP
 C = Vault XP percentage of total XP
 D = Non-vault monster count
 E = Vault monster count
 F = Vault count percentage of total count
                 A         B        C        D         E       F
            +---------+---------+-------+---------+---------+-------
      Total |     108 |       0 |   0.0 |      36 |       0 |   0.0
            +---------+---------+-------+---------+---------+-------
        D:1 |      32 |       0 |   0.0 |      17 |       0 |   0.0
        D:2 |      76 |       0 |   0.0 |      19 |       0 |   0.0
            +---------+---------+-------+---------+---------+-------
